 Dungeon Crawl Stone Soup version 0.31-a0-507-gbafd7f5274 (webtiles) character file.

Game seed: 1396560816939945320

41 MisterAzrael the Changeling (level 3, -1/28 HPs)
             Began as a Draconian Shapeshifter on Aug 9, 2023.
             Splashed by a jelly's acid (8 damage)
             ... on level 2 of the Dungeon.
             The game lasted 00:00:49 (922 turns).

MisterAzrael the Changeling (Draconian Shapeshifter) Turns: 922, Time: 00:00:49

Health: -1/28      AC: -3    Str: 19    XL:     3   Next: 32%
Magic:  3/3        EV: 12    Int:  8    God:
Gold:   37         SH:  0    Dex: 11    Spells: 2/2 levels left

rFire   . .          .
                       - Unarmed
rCold   . . .        (no shield)
rNeg    . . .        (body armour unavailable)
rPois   .            (helmet currently unavailable)
rElec   .            (cloak currently unavailable)
rCorr   .            (gloves currently unavailable)
SInv    .            (boots currently unavailable)
Will    .....        (no amulet)
Stlth   +            (no ring)
HPRegen 0.24/turn    (no ring)
MPRegen 0.08/turn

%: no passive effects
@: beast-form, corroded, slowed, very slow
A: beast (slay +2), AC +5, unfitting armour, cold-blooded
a: Begin Untransformation


You were on level 2 of the Dungeon.
You were a hulking beast.
You visited 1 branch of the dungeon, and saw 2 of its levels.

You collected 37 gold pieces.

Inventory:

Talismans
 b - a beast talisman (active)
 c - a flux talisman
Scrolls
 d - a scroll of teleportation {unknown}
 f - a scroll of identify {unknown}
 i - a scroll of poison {unknown}
Potions
 a - 2 potions of lignification
 e - a potion of degeneration {unknown}
 g - a potion of attraction {unknown}
 h - 2 potions of heal wounds {unknown}


   Skills:
 - Level 1.1 Fighting
 - Level 1.7 Dodging
 + Level 3.5 Unarmed Combat
 * Level 3.7 Shapeshifting


You had 2 spell levels left.
You didn't know any spells.
Your spell library was empty.

Dungeon Overview and Level Annotations

Branches:
Dungeon (2/15)

Altars:


Innate Abilities, Weirdness & Mutations

You are a hulking beast.
Your limbs bulge with bestial killing power. (Slay +2)
Your plain brown scales are hard. (AC +5)
You cannot fit into any form of body armour.
You are cold-blooded and may be slowed by cold attacks.


Message History

You kill the kobold!
No target in view!
Things that are here:
a +0 short sword; a kobold corpse You open the door. 2 endoplasms come into view.
Found three goblin skeletons.
There are monsters nearby!
There are monsters nearby! 5 endoplasms and 3 jellies come into view.
Found a rat skeleton, two hobgoblin skeletons and a flux talisman.
The endoplasm quivers.
The jelly quivers.
The endoplasm quivers. x2
The jelly quivers.
The endoplasm hits the fungus.
The fungus begins to die.
The endoplasm hits the fungus.
The fungus begins to die.
The jelly quivers.
There is an open door here.
You barely miss the jelly.
The endoplasm quivers.
The jelly hits the toadstool.
The toadstool is splashed with acid.
The toadstool is destroyed!
The jelly closely misses you.
The endoplasm hits the fungus.
You hit the jelly. The acid corrodes you!
Your hands burn!
You tail-slap the jelly.
The jelly is moderately wounded.
The endoplasm quivers. x2
The endoplasm hits you but does no damage.
The jelly hits the fungus.
The fungus begins to die.
The fungus is splashed with acid.
The acid corrodes the fungus!
The jelly hits you.
You are splashed with acid!
The endoplasm hits the fungus.
You hit the jelly. The acid corrodes you!
Your hands burn!
You tail-slap the jelly, but do no damage.
The jelly is severely wounded.
The endoplasm freezes you.
You are frozen.
* * * LOW HITPOINT WARNING * * *
You feel yourself slow down. The jelly hits you.
* * * LOW HITPOINT WARNING * * *
The acid corrodes you!
You are splashed with acid!
You die... #.......# #.......# #.......# #.......# ### ####....# #.. ##..'....# #.# #.######## #.# ##..)...## #.# #######h# #.# .JJPJPJJJ#

#.#
.P.JJP.J.#
#.#####.#
.P.P.P.P÷#
#........
.P÷PJ..P.#
#.#####[#
...P.P.P÷#
##...
%P.÷...P.#
##....
##########
#.....
#...♣.


You could see 3 jellies and 7 endoplasms.

Vanquished Creatures
  An adder (D:2)
  3 giant cockroaches (D:1)
  4 goblins
  2 hobgoblins (D:1)
  A quokka (D:1)
  7 ball pythons
  A bat (D:1)
  A frilled lizard (D:1)
  7 kobolds
  3 rats
30 creatures vanquished.

Notes
Turn   | Place    | Note
-------+----------+-------------------------------------------
     0 | D:1      | MisterAzrael the Draconian Shapeshifter began the quest for
                  | the Orb.
     0 | D:1      | Reached XP level 1. HP: 16/16 MP: 1/1
   226 | D:1      | Reached XP level 2. HP: 20/23 MP: 2/2
   697 | D:2      | Reached XP level 3. HP: 22/28 MP: 3/3
   922 | D:2      | Splashed by a jelly's acid

Illustrated notes

Levels and vault maps discovered:
D:1:      dpeg_arrival_rooms_with_view, layout_loops_ring
D:2:      cheibrodos_fertilizer, layout_loops_ring,
          hellmonk_ecumenical_altar_lost_god, grunt_ministairs_2,
          serial_bayou_pond_e

Action                     || total
---------------------------++-------
  Melee: Unarmed           ||    88
         Tailslap          ||     5
         Punch             ||     1
   Stab: Sleeping          ||     1
 Armour: Skin              ||    33
  Dodge: Dodged            ||    73

Table legend: (Time is in decaauts)
 A = Elapsed time spent in this place.
 B = Non-inter-level travel time spent in this place.
 C = Inter-level travel time spent in this place.
 D = Time resting spent in this place.
 E = Time spent auto-exploring this place.
 F = Levels seen in this place.
 G = Mean time per level.
                   A        B        C        D        E       F      G
               +--------+--------+--------+--------+--------+-----+--------+
         Total |    916 |    897 |     19 |      0 |    735 |   2 |  458.0 |
       Dungeon |    916 |    897 |     19 |      0 |    735 |   2 |  458.0 |
               +--------+--------+--------+--------+--------+-----+--------+

Top non-repeatable levels by time:
     D:1: 682 daAuts
     D:2: 233 daAuts
